 Dungeon Crawl Stone Soup version 0.30.2 (webtiles) character file.

Game seed: 8124954044420781777

380 porpoise the Shooter (level 7, -2/54 HPs)
             Began as a Human Hunter on Jan 25, 2024.
             Slain by an ice beast (7 damage)
             ... on level 5 of the Dungeon.
             The game lasted 00:07:19 (3407 turns).

porpoise the Shooter (Human Hunter)                 Turns: 3407, Time: 00:07:20

Health: -2/54      AC:  4    Str: 11    XL:     7   Next: 4%
Magic:  7/7        EV: 12    Int:  9    God:
Gold:   153        SH:  0    Dex: 19    Spells: 6/6 levels left

rFire   . . .        a - +0 shortbow
rCold   . . .        (shield currently unavailable)
rNeg    . . .        c - +0 leather armour
rPois   .            (no helmet)
rElec   .            (no cloak)
rCorr   +            h - +0 pair of gloves
SInv    .            (no boots)
Will    .....        (no amulet)
Stlth   ++           k - ring of resist corrosion
HPRegen 0.29/turn    (no ring)
MPRegen 0.10/turn

%: no passive effects
@: no status effects
A: no striking features
a: no special abilities


You were on level 5 of the Dungeon.
You visited 1 branch of the dungeon, and saw 5 of its levels.

You collected 153 gold pieces.

Inventory:

Hand Weapons
 a - a +0 shortbow (weapon)
 f - a +3 whip
Missiles
 n - 2 boomerangs
Armour
 c - a +0 leather armour (worn)
 h - a +0 pair of gloves (worn)
Jewellery
 e - a +6 ring of intelligence
 k - a ring of resist corrosion (left hand)
 m - a +6 ring of intelligence
Scrolls
 b - 3 scrolls of immolation
 g - a scroll of teleportation {unknown}
 l - a scroll of poison
 o - a scroll of fear
 p - 2 scrolls of identify
 q - a scroll of noise {unknown}
Potions
 d - a potion of mutation
 i - 2 potions of lignification
 j - a potion of curing


   Skills:
 + Level 4.2 Fighting
 * Level 6.8 Ranged Weapons
 - Level 2.0 Dodging
 - Level 1.0 Stealth


You had 6 spell levels left.
You didn't know any spells.
Your spell library contained the following spells:

 Spells                   Type           Power      Damage    Failure   Level
 Magic Dart               Conj           0%         1d3       47%         1
 Poisonous Vapours        Pois/Air       0%         N/A       63%         2
 Searing Ray              Conj           0%         2d4       63%         2
 Sublimation of Blood     Necr           0%         N/A       63%         2
 Mephitic Cloud           Conj/Pois/Air  0%         N/A       85%         3
 Fulminant Prism          Conj/Hex       0%         3d5       99%         4
 Petrify                  Tmut/Erth      0%         N/A       99%         4
 Freezing Cloud           Conj/Ice/Air   0%         6-21      100%        5
 Irradiate                Conj/Tmut      0%         3d11      100%        5


Dungeon Overview and Level Annotations

Branches:
Dungeon (5/15)
 Temple: D:4-7

Altars:

Annotations:
D:3 Sigmund
D:4 2 runed translucent doors, PaiMei's ghost, novice HOFi


Message History

You shoot an arrow.
The arrow hits the ice beast but does no damage.
The ice beast is severely wounded.
You shoot an arrow. The arrow closely misses the ice beast.
The ice beast hits you. The ice beast freezes you! The ice beast hits you.
The ice beast freezes you!
You shoot an arrow. The arrow hits the ice beast.
The ice beast is severely wounded.
The ice beast hits you. The ice beast freezes you!
* * * LOW HITPOINT WARNING * * *
You are too injured to fight recklessly!
You shoot an arrow.
The arrow hits the ice beast but does no damage.
The ice beast is severely wounded.
The ice beast misses you.
You shoot an arrow. The arrow barely misses the ice beast.
The ice beast hits you.
* * * LOW HITPOINT WARNING * * *
The ice beast freezes you!
* * * LOW HITPOINT WARNING * * *
You shoot an arrow.
The arrow hits the ice beast but does no damage.
The ice beast is severely wounded.
The ice beast hits you but does no damage. x2
You shoot an arrow.
The arrow hits the ice beast but does no damage.
The ice beast is severely wounded.
The ice beast completely misses you.
You shoot an arrow. The arrow barely misses the ice beast.
The ice beast hits you but does no damage.
You shoot an arrow. The arrow hits the ice beast.
The ice beast is almost dead.
The ice beast barely misses you.
You shoot an arrow.
The arrow hits the ice beast but does no damage.
The ice beast is almost dead.
The ice beast hits you.
* * * LOW HITPOINT WARNING * * *
The ice beast freezes you!
You die...

....... .....
..... .... #..#
..# # #Y#
####.##@#####.##
........!.......
#..####.####..##
##.####.#
###.......#
#....######
.#####.#.##
.......#.#
##....##


You could see an ice beast.

Vanquished Creatures
  A water moccasin (D:5)
  An ogre (D:4)
  A jelly (D:4)
  An iguana (D:4)
  3 gnolls (D:4)
  3 adders (D:4)
  A worm (D:2)
  5 dart slugs
  4 ball pythons
  9 endoplasms
  2 giant cockroaches
  6 goblins
  9 hobgoblins
  A quokka (D:2)
  6 bats
  5 frilled lizards
  8 kobolds
  2 rats
68 creatures vanquished.

Notes
Turn   | Place    | Note
-------+----------+-------------------------------------------
     0 | D:1      | porpoise the Human Hunter began the quest for the Orb.
     0 | D:1      | Reached XP level 1. HP: 16/16 MP: 1/1
    86 | D:1      | Reached XP level 2. HP: 22/22 MP: 2/2
   373 | D:1      | Reached XP level 3. HP: 13/28 MP: 3/3
   958 | D:2      | Reached XP level 4. HP: 33/34 MP: 4/4
  1049 | D:2      | Reached skill level 5 in Ranged Weapons
  1879 | D:3      | Noticed Sigmund
  2093 | D:4      | Reached XP level 5. HP: 41/41 MP: 5/5
  2103 | D:4      | Found a large runed translucent door.
  2103 | D:4      | Found a large runed translucent door.
  2105 | D:4      | Noticed PaiMei's ghost (novice HOFi)
  2751 | D:4      | Reached skill level 6 in Ranged Weapons
  2751 | D:4      | Reached XP level 6. HP: 28/47 MP: 6/6
  2840 | D:4      | Noticed an ogre
  2847 | D:4      | Killed an ogre
  3243 | D:5      | Entered Level 5 of the Dungeon
  3349 | D:5      | Noticed a water moccasin
  3357 | D:5      | Killed a water moccasin
  3358 | D:5      | Reached XP level 7. HP: 46/54 MP: 7/7
  3407 | D:5      | Slain by an ice beast

Illustrated notes

Levels and vault maps discovered:
D:1:      onia_arrival_mini_spirals, layout_basic, minmay_cupped
D:2:      layout_basic
D:3:      layout_rooms, serial_bayou_ford_a, minmay_quantized, uniq_sigmund
D:4:      layout_loops_ring, ebering_ghost_disaster_area, hangedman_decor_push,
          st_stairs_2, chequers_avenue
D:5:      layout_rooms

Skill      XL: |  1  2  3  4  5  6 |
---------------+-------------------+-----
Ranged Weapons | 5 6 |  6.8
Fighting       | 3 4 |  4.2
Dodging        | |  2.0
Stealth        | |  1.0

Action                     |  1- 3 |  4- 6 |  7- 9 || total
---------------------------+-------+-------+-------++-------
   Fire: Shortbow          |    87 |   114 |    14 ||   215
    Use: Scroll            |     3 |     3 |       ||     6
 Armour: Leather armour    |     8 |    19 |     3 ||    30
  Dodge: Dodged            |    14 |    31 |     3 ||    48
